 Dungeon Sprint DCSS version 0.21-a0-91-ga5031da (webtiles) character file.

1290 Kidiri the Fighter (level 8, -3/79 HPs)
             Began as a Minotaur Fighter on June 30, 2017.
             Was a Priest of Okawaru.
             Slain by an eight-headed hydra (12 damage)
             ... in the Dungeon (Sprint IX: "|||||||||||||||||||||||||||||").
             The game lasted 00:02:15 (514 turns).

Kidiri the Fighter (Minotaur Fighter)                Turns: 514, Time: 00:02:16

Health: -3/79      AC: 11    Str: 26    XL:     8   Next: 30%
Magic:  2/3        EV: 15    Int:  5    God:    Okawaru [***...]
Gold:   0          SH: 13    Dex: 15    Spells: 7/7 levels left

rFire    . . .     SeeInvis .   q - +2 scimitar (antimagic)
rCold    . . .     Gourm    .   c - +0 shield
rNeg     . . .     Faith    .   s - +1 scale mail
rPois    .         Spirit   .   (helmet restricted)
rElec    .         Reflect  .   (no cloak)
rCorr    .         Harm     .   r - +0 pair of gloves
MR       .....     NoTele   +   (no boots)
Stlth    ++........             (no amulet)
HPRegen  0.23/turn              a - +3 ring of dexterity
MPRegen  0.08/turn              b - +2 ring of evasion

@: mighty, barbed spikes
A: retaliatory headbutt, horns 2
a: Heroism, Renounce Religion


You were in the Dungeon.
You worshipped Okawaru.
Okawaru was most pleased with you.
You were not hungry.

You visited 1 branch

Inventory:

Hand Weapons
 q - a +2 antimagic scimitar (weapon)
Armour
 c - a +0 shield (worn)
 r - a +0 pair of gloves (worn)
 s - a +1 scale mail (worn)
Jewellery
 a - a +3 ring of dexterity (left hand)
 b - a +2 ring of evasion (right hand)
Wands
 p - a wand of acid (6/15)
Scrolls
 k - 2 scrolls of blinking
 n - 3 scrolls of remove curse
 o - 2 scrolls of amnesia
Potions
 e - 5 potions of curing
 h - a potion of haste
 i - 4 potions of magic
 j - a potion of berserk rage
 m - a potion of invisibility
Comestibles
 f - a bread ration
 l - a chunk of flesh


   Skills:
 * Level 10.2 Fighting
 * Level 9.9 Long Blades
 * Level 10.2 Armour
 + Level 6.0 Dodging
 + Level 5.0 Stealth
 * Level 10.2 Shields
 + Level 4.7 Invocations


You had 7 spell levels left.
You didn't know any spells.

Dungeon Overview and Level Annotations

Branches:
Dungeon (1/1)

Altars:
Cheibriados
Dithmenos
Elyvilon
Fedhas
Gozag
Hepliaklqana
Kikubaaqudgha
Makhleb
Nemelex Xobeh
Okawaru
Qazlal
Ru
Sif Muna
Trog
Uskayaw
Vehumet
Wu Jian
Xom
Yredelemnul
Zin
The Shining One
Beogh
Jiyva
Lugonu


Innate Abilities, Weirdness & Mutations

You reflexively headbutt those who attack you in melee.
You have a pair of horns on your head.


Message History

The eight-headed hydra closely misses you.
You furiously retaliate!
You headbutt the eight-headed hydra!
You block the eight-headed hydra's attack. x2
The eight-headed hydra bites you!
* * * LOW HITPOINT WARNING * * *
You block the eight-headed hydra's attack.
The eight-headed hydra bites you.
* * * LOW HITPOINT WARNING * * *
You block the eight-headed hydra's attack.
The eight-headed hydra barely misses you.
You barely miss the eight-headed hydra.
Your headbutt misses the eight-headed hydra.
The eight-headed hydra is severely wounded.
You block the eight-headed hydra's attack.
The eight-headed hydra closely misses you.
You block the eight-headed hydra's attack.
The eight-headed hydra bites you!
* * * LOW HITPOINT WARNING * * *
The eight-headed hydra bites you!
You die... ▓▓▓▓▓▓▓▓▓▓▓▓▓▓▓▓▓▓▓▓▓▓▓ +..TcD@(......)..).[)|. ▓▓▓▓▓▓▓▓▓▓▓▓▓▓▓▓▓▓▓▓▓▓▓

You could see an eight-headed hydra, a troll and a centaur.

Vanquished Creatures
  An ugly thing (D)
  A manticore (D)
  A hippogriff (D)
  2 orc warriors (D)
  A killer bee (D)
  A howler monkey (D)
  A jelly (D)
  2 worker ants (D)
  An adder (D)
  An orc (D)
  A ball python (D)
  A bat (D)
  A bat skeleton (D)
  A goblin (D)
  A jackal (D)
  A giant cockroach zombie (D)
  A kobold (D)
19 creatures vanquished.

Notes
Turn   | Place    | Note
-------+----------+-------------------------------------------
     0 | D        | Kidiri the Minotaur Fighter began the quest for the Orb.
     0 | D        | Reached XP level 1. HP: 19/19 MP: 0/0
    46 | D        | Noticed a jelly
    46 | D        | Noticed a howler monkey
    54 | D        | Reached skill level 1 in Dodging
    54 | D        | Reached skill level 1 in Stealth
    54 | D        | Reached XP level 2. HP: 19/28 MP: 1/1
    57 | D        | Killed a howler monkey
    57 | D        | Reached skill level 5 in Fighting
    57 | D        | Reached skill level 5 in Armour
    57 | D        | Reached skill level 5 in Shields
    57 | D        | Reached XP level 3. HP: 25/36 MP: 2/2
    62 | D        | Reached skill level 5 in Long Blades
    62 | D        | Reached XP level 4. HP: 25/44 MP: 3/3
    74 | D        | Found a roughly hewn altar of Beogh.
    74 | D        | Found a snail-covered altar of Cheibriados.
    74 | D        | Found a shadowy altar of Dithmenos.
    74 | D        | Found a white marble altar of Elyvilon.
    74 | D        | Found a blossoming altar of Fedhas.
    74 | D        | Found an opulent altar of Gozag.
    75 | D        | Found a hazy altar of Hepliaklqana.
    76 | D        | Found a viscous altar of Jiyva.
    77 | D        | Found an ancient bone altar of Kikubaaqudgha.
    78 | D        | Found a corrupted altar of Lugonu.
    79 | D        | Found a burning altar of Makhleb.
    80 | D        | Found a sparkling altar of Nemelex Xobeh.
    81 | D        | Found an iron altar of Okawaru.
    82 | D        | Found a stormy altar of Qazlal.
    83 | D        | Found a sacrificial altar of Ru.
    84 | D        | Found a deep blue altar of Sif Muna.
    85 | D        | Found a bloodstained altar of Trog.
    86 | D        | Found a hide-covered altar of Uskayaw.
    87 | D        | Found a radiant altar of Vehumet.
    88 | D        | Found an ornate altar of the Wu Jian Council.
    89 | D        | Became a worshipper of Warmaster Okawaru
    90 | D        | Found a shimmering altar of Xom.
    91 | D        | Found a basalt altar of Yredelemnul.
    92 | D        | Found a glowing silver altar of Zin.
    93 | D        | Found a glowing golden altar of the Shining One.
   298 | D        | Noticed an orc warrior
   298 | D        | Noticed a hippogriff
   307 | D        | Killed a hippogriff
   307 | D        | Reached * piety under Okawaru
   307 | D        | Reached XP level 5. HP: 45/52 MP: 1/5
   307 | D        | Reached XP level 6. HP: 52/60 MP: 2/6
   312 | D        | Killed an orc warrior
   482 | D        | Noticed a four-headed hydra
   482 | D        | Noticed a troll
   482 | D        | Noticed a manticore
   482 | D        | Noticed a white ugly thing
   482 | D        | Noticed an orc warrior
   493 | D        | Killed a white ugly thing
   493 | D        | Reached ** piety under Okawaru
   493 | D        | Reached skill level 5 in Dodging
   493 | D        | Reached XP level 7. HP: 70/70 MP: 0/9
   507 | D        | Killed a manticore
   507 | D        | Reached *** piety under Okawaru
   507 | D        | Reached skill level 10 in Fighting
   507 | D        | Reached skill level 10 in Armour
   507 | D        | Reached skill level 5 in Stealth
   507 | D        | Reached skill level 10 in Shields
   507 | D        | Reached XP level 8. HP: 51/79 MP: 1/10
   514 | D        | Slain by an eight-headed hydra

Vault maps used:
D:        linesprint

Skill      XL: |  1  2  3  4  5  6  7 |
---------------+----------------------+-----
Long Blades    | 3 4 5 7 9 |  9.9
Fighting       | 4 5 7 9 10 | 10.2
Armour         | 4 5 7 9 10 | 10.2
Shields        | 4 5 7 9 10 | 10.2
Dodging        | 1 2 4 5 6 |  6.0
Stealth        | 1 2 3 4 5 |  5.0
Invocations    | 2 4 |  4.7

Action                   |  1- 3 |  4- 6 |  7- 9 || total
-------------------------+-------+-------+-------++-------
Melee: Long sword        |    26 |       |       ||    26
       Headbutt          |     5 |     9 |     2 ||    16
       Scimitar          |       |    32 |    15 ||    47
Invok: Heroism           |       |     1 |       ||     1
Evoke: Wand              |       |       |     1 ||     1
  Use: Potion            |       |       |     4 ||     4
 Stab: Sleeping          |       |     1 |       ||     1
Armor: Scale mail        |    16 |     6 |     8 ||    30
Dodge: Dodged            |     8 |    18 |    19 ||    45
Block: Shield            |    13 |    16 |    26 ||    55
       Rpst.: Long sword |     4 |       |       ||     4
       Scimitar          |       |     3 |     1 ||     4
